[ AOE2 MATCH · #505942551 ]
UnrankedEthiopians vs Poles
Rival team · LOSS
[ REPLAY ANALYSIS · EXTRACTED FROM THE RECORDED GAME ]
Feudal
12:27
Castle
16:24
Imperial
—
| APM avg | 73.2 |
| APM peak | 108 |
| eAPM avg | 22.5 |
| Villagers / military | 42 / 34 |
Focus
⚔️ 28.3% · 🌾 71.7%
Archer ×28 · Militia ×3 · Mangonel ×2 · Spearman ×1
Feudal
9:16
Castle
19:20
Imperial
—
| APM avg | 59.8 |
| APM peak | 87 |
| eAPM avg | 23.1 |
| Villagers / military | 43 / 19 |
Focus
⚔️ 35.7% · 🌾 64.3%
Skirmisher ×17 · Knight ×2
Match map
Initial resources + every placement click. Lines = walls · curves = elevation contours. ◆ gold · ⬟ stone · ● berries · ✦ relic · ◌ wall gap
Your base· Open — 7t gap
Nobody's base· Open — 4t gap
Smoothed initial terrain · ◌ = detected wall gap · hover for details
Inputs per minute
— EbolasRider - - Nobody
Build order — EbolasRider
130 actions detected in the replay
| 0:00 | Queue | Villager (Male) |
| 0:01 | Queue | Villager (Male) |
| 0:01 | Queue | Villager (Male) |
| 0:02 | Build | House |
| 0:04 | Build | House |
| 0:07 | Queue | Villager (Male) |
| 1:28 | Queue | Villager (Male) |
| 1:42 | Build | Lumber Camp |
| 1:57 | Queue | Villager (Male) |
| 2:19 | Queue | Villager (Male) |
| 2:47 | Queue | Villager (Male) |
| 3:03 | Queue | Villager (Male) |
| 3:31 | Queue | Villager (Male) |
| 4:06 | Build | House |
| 4:08 | Queue | Villager (Male) |
| 4:33 | Queue | Villager (Male) |
| 4:43 | Build | Barracks |
| 4:57 | Queue | Villager (Male) |
| 5:16 | Queue | Villager (Male) |
| 5:47 | Queue | Villager (Male) |
| 5:53 | Build | House |
| 5:53 | Queue | Militia |
| 5:54 | Queue | Militia |
| 6:07 | Build | Mill |
| 6:26 | Queue | Villager (Male) |
| 6:38 | Queue | Villager (Male) |
| 6:45 | Queue | Militia |
| 6:56 | Build | House |
| 7:21 | Queue | Villager (Male) |
| 7:24 | Queue | Villager (Male) |
| 7:41 | Queue | Villager (Male) |
| 7:59 | Queue | Villager (Male) |
| 8:08 | Build | Mill |
| 8:21 | Build | Farm |
| 8:45 | Build | Farm |
| 8:47 | Queue | Villager (Male) |
| 9:12 | Build | Farm |
| 9:16 | Queue | Villager (Male) |
| 9:38 | Build | House |
| 9:42 | Research | Loom |
| 9:55 | Build | Farm |
| 10:06 | Research | Feudal Age |
| 10:47 | Build | Mining Camp |
| 10:51 | Build | Mining Camp |
| 10:58 | Build | Palisade Wall |
| 11:18 | Build | Palisade Wall |
| 11:31 | Queue | Villager (Male) |
| 11:40 | Build | Palisade Wall |
| 12:00 | Build | Palisade Wall |
| 12:01 | Build | Palisade Wall |
| 12:27 | Age | Feudal Age |
| 12:29 | Build | Blacksmith |
| 12:29 | Queue | Villager (Male) |
| 12:33 | Build | Archery Range |
| 12:39 | Build | Palisade Wall |
| 13:12 | Queue | Villager (Male) |
| 13:34 | Queue | Archer |
| 13:38 | Queue | Villager (Male) |
| 13:40 | Build | Archery Range |
| 13:44 | Research | Castle Age |
| 14:19 | Queue | Archer |
| 14:24 | Build | House |
| 14:27 | Build | Palisade Wall |
| 14:34 | Research | Double-Bit Axe |
| 14:40 | Queue | Archer |
| 14:49 | Build | Farm |
| 14:51 | Build | Farm |
| 14:56 | Queue | Archer |
| 15:12 | Queue | Archer |
| 15:23 | Research | Fletching |
| 15:35 | Build | House |
| 15:36 | Queue | Archer |
| 15:52 | Queue | Archer |
| 16:24 | Age | Castle Age |
| 16:25 | Build | Siege Workshop |
| 16:29 | Research | Crossbowman (upgrade) |
| 16:30 | Queue | Villager (Male) |
| 16:35 | Build | Farm |
| 16:37 | Queue | Villager (Male) |
| 16:45 | Queue | Archer |
| 16:56 | Queue | Archer |
| 17:18 | Queue | Mangonel |
| 17:20 | Build | House |
| 17:21 | Queue | Villager (Male) |
| 17:27 | Build | Farm |
| 17:28 | Research | Bodkin Arrow |
| 17:31 | Queue | Villager (Male) |
| 17:32 | Build | Farm |
| 17:45 | Queue | Archer |
| 17:46 | Queue | Villager (Male) |
| 18:04 | Build | House |
| 18:10 | Build | Outpost |
| 18:15 | Queue | Archer |
| 18:15 | Queue | Villager (Male) |
| 18:22 | Build | Farm |
| 18:30 | Queue | Archer |
| 18:30 | Queue | Archer |
| 18:31 | Queue | Archer |
| 19:05 | Build | Outpost |
| 19:06 | Queue | Villager (Male) |
| 19:14 | Queue | Mangonel |
| 19:30 | Queue | Villager (Male) |
| 19:34 | Build | House |
| 19:37 | Queue | Archer |
| 19:40 | Build | Farm |
| 19:45 | Queue | Archer |
| 19:45 | Queue | Archer |
| 19:57 | Queue | Archer |
| 19:58 | Queue | Villager (Male) |
| 20:15 | Queue | Villager (Male) |
| 20:15 | Queue | Archer |
| 20:16 | Queue | Archer |
| 20:21 | Queue | Spearman |
| 20:26 | Queue | Villager (Male) |
| 20:28 | Build | House |
| 20:46 | Queue | Villager (Male) |
| 20:50 | Queue | Archer |
| 20:53 | Queue | Villager (Male) |
| 20:58 | Queue | Archer |
| 21:01 | Build | House |
| 21:31 | Queue | Villager (Male) |
| 21:38 | Queue | Archer |
| 21:38 | Queue | Archer |
| 21:38 | Queue | Archer |
| 21:38 | Queue | Archer |
| 21:39 | Queue | Villager (Male) |
| 21:42 | Build | Lumber Camp |
| 21:58 | Build | Lumber Camp |
| 22:01 | Queue | Archer |
| 22:01 | Queue | Archer |
Build order — Nobody
140 actions detected in the replay
| 0:01 | Queue | Villager (Male) |
| 0:03 | Build | House |
| 0:04 | Build | House |
| 0:07 | Queue | Villager (Male) |
| 0:09 | Queue | Villager (Male) |
| 0:10 | Queue | Villager (Male) |
| 1:27 | Queue | Villager (Male) |
| 1:28 | Queue | Villager (Male) |
| 1:31 | Build | Mill |
| 1:49 | Queue | Villager (Male) |
| 1:49 | Queue | Villager (Male) |
| 2:16 | Queue | Villager (Male) |
| 2:16 | Queue | Villager (Male) |
| 2:37 | Build | House |
| 2:45 | Queue | Villager (Male) |
| 2:46 | Queue | Villager (Male) |
| 3:19 | Queue | Villager (Male) |
| 3:45 | Queue | Villager (Male) |
| 3:46 | Queue | Villager (Male) |
| 4:00 | Queue | Villager (Male) |
| 4:31 | Queue | Villager (Male) |
| 4:37 | Queue | Villager (Male) |
| 5:04 | Queue | Villager (Male) |
| 5:15 | Queue | Villager (Male) |
| 5:25 | Queue | Villager (Male) |
| 5:42 | Queue | Villager (Male) |
| 5:49 | Build | Lumber Camp |
| 6:20 | Research | Loom |
| 6:23 | Build | House |
| 6:52 | Research | Feudal Age |
| 6:52 | Research | Feudal Age |
| 6:53 | Research | Feudal Age |
| 7:09 | Build | Palisade Wall |
| 7:34 | Build | Palisade Wall |
| 8:08 | Build | Barracks |
| 8:13 | Build | Palisade Wall |
| 8:48 | Build | House |
| 8:50 | Build | Palisade Wall |
| 8:52 | Build | Palisade Wall |
| 8:54 | Build | Palisade Wall |
| 8:56 | Build | Palisade Wall |
| 8:58 | Queue | Villager (Male) |
| 9:00 | Build | Palisade Wall |
| 9:01 | Build | Palisade Wall |
| 9:04 | Build | Palisade Wall |
| 9:05 | Build | Palisade Wall |
| 9:10 | Queue | Villager (Male) |
| 9:16 | Age | Feudal Age |
| 9:17 | Queue | Villager (Male) |
| 9:33 | Build | Archery Range |
| 9:48 | Queue | Villager (Male) |
| 9:58 | Research | Double-Bit Axe |
| 9:58 | Research | Double-Bit Axe |
| 9:58 | Research | Double-Bit Axe |
| 9:58 | Research | Double-Bit Axe |
| 10:11 | Build | Palisade Wall |
| 10:13 | Build | Palisade Wall |
| 10:14 | Build | Palisade Wall |
| 10:16 | Queue | Villager (Male) |
| 10:30 | Queue | Villager (Male) |
| 10:36 | Queue | Skirmisher |
| 10:36 | Queue | Skirmisher |
| 10:37 | Queue | Villager (Male) |
| 10:42 | Build | Palisade Wall |
| 10:48 | Build | Mill |
| 11:15 | Research | Horse Collar |
| 11:15 | Research | Horse Collar |
| 11:15 | Research | Horse Collar |
| 11:29 | Queue | Skirmisher |
| 11:35 | Queue | Villager (Male) |
| 11:39 | Build | Mill |
| 11:55 | Queue | Villager (Male) |
| 11:57 | Build | Farm |
| 12:10 | Queue | Villager (Male) |
| 12:14 | Build | Farm |
| 12:18 | Build | Farm |
| 12:35 | Queue | Villager (Male) |
| 12:38 | Build | Farm |
| 12:41 | Queue | Skirmisher |
| 12:44 | Build | Farm |
| 12:45 | Build | Farm |
| 12:45 | Queue | Villager (Male) |
| 13:04 | Queue | Villager (Male) |
| 13:08 | Build | Farm |
| 13:10 | Build | Farm |
| 13:11 | Queue | Villager (Male) |
| 13:20 | Queue | Villager (Male) |
| 13:36 | Build | Farm |
| 13:40 | Build | House |
| 13:47 | Build | Mining Camp |
| 14:17 | Build | Farm |
| 14:30 | Build | Farm |
| 14:33 | Build | Palisade Wall |
| 14:36 | Build | Palisade Wall |
| 15:00 | Queue | Skirmisher |
| 15:01 | Queue | Skirmisher |
| 15:32 | Build | Blacksmith |
| 15:38 | Queue | Villager (Male) |
| 15:57 | Queue | Villager (Male) |
| 16:00 | Build | House |
| 16:03 | Queue | Skirmisher |
| 16:26 | Build | House |
| 16:36 | Queue | Skirmisher |
| 16:40 | Research | Castle Age |
| 16:40 | Research | Castle Age |
| 16:40 | Research | Castle Age |
| 16:40 | Research | Castle Age |
| 16:42 | Queue | Skirmisher |
| 16:42 | Queue | Skirmisher |
| 16:42 | Queue | Skirmisher |
| 17:04 | Research | Padded Archer Armor |
| 17:05 | Research | Padded Archer Armor |
| 17:05 | Queue | Skirmisher |
| 17:21 | Queue | Skirmisher |
| 17:35 | Build | Stable |
| 17:45 | Research | Fletching |
| 17:46 | Research | Fletching |
| 17:54 | Build | Lumber Camp |
| 18:03 | Queue | Skirmisher |
| 18:14 | Build | Watch Tower |
| 18:46 | Queue | Skirmisher |
| 19:09 | Queue | Skirmisher |
| 19:20 | Age | Castle Age |
| 19:22 | Research | Bodkin Arrow |
| 19:22 | Research | Bodkin Arrow |
| 19:22 | Research | Bodkin Arrow |
| 19:32 | Queue | Villager (Male) |
| 19:33 | Research | Elite Skirmisher (upgrade) |
| 19:33 | Research | Elite Skirmisher (upgrade) |
| 19:44 | Build | House |
| 19:47 | Build | Palisade Wall |
| 19:56 | Queue | Knight |
| 19:56 | Queue | Knight |
| 20:17 | Queue | Skirmisher |
| 20:20 | Queue | Villager (Male) |
| 20:25 | Build | Lumber Camp |
| 20:30 | Queue | Villager (Male) |
| 21:57 | Build | Siege Workshop |
| 22:01 | Queue | Villager (Male) |
| 22:05 | Build | Siege Workshop |
Match timeline
| 4:43 | EbolasRider · first_building Barracks |
| 7:09 | Nobody · wall_segment Palisade Wall x9 |
| 7:34 | Nobody · wall_segment Palisade Wall x6 |
| 8:08 | Nobody · first_building Barracks |
| 8:13 | Nobody · wall_segment Palisade Wall x5 |
| 8:50 | Nobody · wall_segment Palisade Wall x1 |
| 8:52 | Nobody · wall_segment Palisade Wall x1 |
| 8:54 | Nobody · wall_segment Palisade Wall x1 |
| 8:56 | Nobody · wall_segment Palisade Wall x1 |
| 9:00 | Nobody · wall_segment Palisade Wall x1 |
| 9:01 | Nobody · wall_segment Palisade Wall x1 |
| 9:04 | Nobody · wall_segment Palisade Wall x1 |
| 9:05 | Nobody · wall_segment Palisade Wall x1 |
| 9:16 | Nobody · age_up feudal |
| 9:33 | Nobody · first_building Archery Range |
| 10:11 | Nobody · wall_segment Palisade Wall x1 |
| 10:13 | Nobody · wall_segment Palisade Wall x1 |
| 10:14 | Nobody · wall_segment Palisade Wall x1 |
| 10:42 | Nobody · wall_segment Palisade Wall x2 |
| 10:58 | EbolasRider · wall_segment Palisade Wall x2 |
| 11:18 | EbolasRider · wall_segment Palisade Wall x8 |
| 11:40 | EbolasRider · wall_segment Palisade Wall x2 |
| 12:00 | EbolasRider · wall_segment Palisade Wall x2 |
| 12:01 | EbolasRider · wall_segment Palisade Wall x1 |
| 12:27 | EbolasRider · age_up feudal |
| 12:33 | EbolasRider · first_building Archery Range |
| 12:39 | EbolasRider · wall_segment Palisade Wall x1 |
| 14:27 | EbolasRider · wall_segment Palisade Wall x5 |
| 14:33 | Nobody · wall_segment Palisade Wall x6 |
| 14:36 | Nobody · wall_segment Palisade Wall x1 |
| 16:24 | EbolasRider · age_up castle |
| 16:25 | EbolasRider · first_building Siege Workshop |
| 17:35 | Nobody · first_building Stable |
| 19:20 | Nobody · age_up castle |
| 19:47 | Nobody · wall_segment Palisade Wall x3 |
| 21:57 | Nobody · first_building Siege Workshop |
| 22:13 | Nobody · resign |
[ AI ANALYSIS · 1 CREDIT ]
What really happened in this match?
Wolo.gg analyzes every decision: build order, eco, micro, common mistakes by bracket. Personalized analysis on WhatsApp or Discord in 30 seconds.
Civ guide
Ethiopians
Perfil
Zaid (MangonelDance)